 Dungeon Crawl Stone Soup version 0.31-a0-986-g5e6e4ef867 (webtiles) character file.

Game seed: 16529360924203652726

130 CowFu the Cudgeller (level 5, -1/40 HPs)
             Began as a Gnoll Wanderer on Nov 15, 2023.
             Was a Priest of Cheibriados.
             Slain by XomNomNom's ghost (11 damage)
             ... on level 3 of the Dungeon.
             The game lasted 00:02:22 (2591 turns).

CowFu the Cudgeller (Gnoll Wanderer)                Turns: 2591, Time: 00:02:23

Health: -1/40      AC:  7    Str: 19    XL:     5   Next: 13%
Magic:  7/7        EV: 14    Int: 14    God:    Cheibriados [***...]
Gold:   132        SH:  0    Dex: 21    Spells: 6/6 levels left

rFire   . . .        t - +0 flail
rCold   . . .        (no shield)
rNeg    . . .        e - +0 leather armour
rPois   .            (no helmet)
rElec   .            (no cloak)
rCorr   .            (no gloves)
SInv    .            (no boots)
Will    .....        (no amulet)
Stlth   ++           q - +4 ring of protection
HPRegen 0.26/turn    (no ring)
MPRegen 0.10/turn

%: no passive effects
@: very slow
A: fangs 1, strong nose, distributed training
a: Renounce Religion, Bend Time, Temporal Distortion


You were on level 3 of the Dungeon.
You worshipped Cheibriados.
Cheibriados was most pleased with you.
You visited 1 branch of the dungeon, and saw 3 of its levels.

You collected 132 gold pieces.

Inventory:

Hand Weapons
 b - a +0 falchion
 t - a +0 flail (weapon)
Armour
 e - a +0 leather armour (worn)
Jewellery
 q - a +4 ring of protection (left hand)
Wands
 c - a wand of polymorph (4) (quivered)
 u - a wand of quicksilver (3)
Scrolls
 d - 4 scrolls of fog
 g - a scroll of blinking {unknown}
 i - a scroll of vulnerability {unknown}
 j - 2 scrolls of identify
 k - a scroll of poison {unknown}
 m - 4 scrolls of teleportation {unknown}
 n - a scroll of immolation {unknown}
 o - a scroll of amnesia {unknown}
 p - 2 scrolls of noise {unknown}
 s - a scroll of revelation {unknown}
Potions
 a - 2 potions of heal wounds
 f - a potion of enlightenment
 l - a potion of brilliance
 r - a potion of cancellation


   Skills:
 + Level 2.9 Fighting
 + Level 1.4 Short Blades
 + Level 4.7 Long Blades
 + Level 1.4 Axes
 + Level 6.6 Maces & Flails
 + Level 1.4 Polearms
 + Level 1.4 Staves
 + Level 1.4 Ranged Weapons
 + Level 1.4 Throwing
 + Level 1.4 Armour
 + Level 4.7 Dodging
 + Level 1.4 Stealth
 + Level 1.4 Shields
 + Level 1.4 Unarmed Combat
 + Level 1.4 Spellcasting
 + Level 1.1 Conjurations
 + Level 1.1 Hexes
 + Level 1.1 Summonings
 + Level 1.1 Necromancy
 + Level 1.1 Translocations
 + Level 1.1 Transmutations
 + Level 1.1 Fire Magic
 + Level 1.1 Ice Magic
 + Level 1.1 Air Magic
 + Level 1.1 Earth Magic
 + Level 1.1 Poison Magic
 + Level 1.5 Invocations
 + Level 4.7 Evocations
 + Level 1.2 Shapeshifting


You had 6 spell levels left.
You didn't know any spells.
Your spell library contained the following spells:

 Spells                   Type           Power      Damage    Failure   Level
 Magic Dart               Conj           16%        1d3       19%         1
 Call Imp                 Summ           8%         N/A       28%         2
 Mephitic Cloud           Conj/Pois/Air  4%         N/A       50%         3
 Tukima's Dance           Hex            4%         N/A       50%         3
 Passage of Golubria      Tloc           4%         N/A       88%         4
 Yara's Violent Unravell  Hex/Tmut       2%         3d3       99%         5


Dungeon Overview and Level Annotations

Branches:
Dungeon (3/15)

Altars:
Cheibriados

Annotations:
D:3 XomNomNom's ghost, amateur TrMo


Innate Abilities, Weirdness & Mutations

You have very sharp teeth.
Your uncanny sense of smell can sniff out nearby items.
Your experience applies equally to all skills.


Message History

XomNomNom's ghost is lightly damaged.
XomNomNom's ghost hits you but does no damage.
You closely miss XomNomNom's ghost. Your bite misses XomNomNom's ghost.
XomNomNom's ghost is lightly damaged.
XomNomNom's ghost misses you.
You sock XomNomNom's ghost!
XomNomNom's ghost is moderately damaged.
XomNomNom's ghost hits you.
You hit XomNomNom's ghost but do no damage.
XomNomNom's ghost is moderately damaged.
XomNomNom's ghost barely misses you.
You hit XomNomNom's ghost.
XomNomNom's ghost is moderately damaged.
XomNomNom's ghost hits you!
You barely miss XomNomNom's ghost.
You bite XomNomNom's ghost, but do no damage.
XomNomNom's ghost is moderately damaged.
XomNomNom's ghost barely misses you.
You closely miss XomNomNom's ghost.
XomNomNom's ghost is moderately damaged.
XomNomNom's ghost hits you!
You sock XomNomNom's ghost!
XomNomNom's ghost is heavily damaged.
XomNomNom's ghost misses you.
You hit XomNomNom's ghost but do no damage.
You bite XomNomNom's ghost, but do no damage.
XomNomNom's ghost is heavily damaged.
XomNomNom's ghost barely misses you. XomNomNom's ghost hits you.
You sock XomNomNom's ghost!
XomNomNom's ghost is severely damaged.
XomNomNom's ghost hits you but does no damage.
You hit XomNomNom's ghost but do no damage.
XomNomNom's ghost is severely damaged.
XomNomNom's ghost hits you!
* * * LOW HITPOINT WARNING * * *
You sock XomNomNom's ghost!
You punch XomNomNom's ghost, but do no damage.
XomNomNom's ghost is almost destroyed.
XomNomNom's ghost hits you!
You die...

.# ####### ############### .##
#.....# #.............# ..#
#.###.# #.###########.#
..####.###.###.# #.#
...............# #.#
..########.##.## #.# ..#
#.##.##### #.# #.# #.##.....##
#.# #.# #.#....@..## #.## #.#
#....#W#...## #..# ..#
##...##.##...## ##.# ###
#...##...##...# #.#
##..##.....##..# #.# #
#...#⌠.?♣!.⌠#..### #.#
########...##.....##...>###<####
............##...##............#
##########...##⌠##....###......#


You could see XomNomNom's ghost.

Vanquished Creatures
  Terence (D:2)
  3 adders
  2 dart slugs (D:3)
  5 orcs (D:3)
  6 bats
  7 endoplasms
  5 giant cockroaches
  5 goblins
  9 hobgoblins
  5 kobolds
  A quokka (D:3)
  5 ball pythons
  3 frilled lizards
  7 rats
64 creatures vanquished.

Notes
Turn   | Place    | Note
-------+----------+-------------------------------------------
     0 | D:1      | CowFu the Gnoll Wanderer began the quest for the Orb.
     0 | D:1      | CowFu set off with the following items: a +2 mace, a +0
                  | falchion, a wand of polymorph (4), a scroll of fog, a +0
                  | leather armour.
     0 | D:1      | Reached XP level 1. HP: 17/17 MP: 1/1
   278 | D:1      | Reached XP level 2. HP: 21/23 MP: 2/2
   427 | D:1      | Found a faded altar of an unknown god.
   486 | D:1      | Prayed at the altar of an unknown god.
   486 | D:1      | Became a worshipper of Cheibriados the Contemplative
   486 | D:1      | Reached * piety under Cheibriados
   509 | D:1      | Reached XP level 3. HP: 28/28 MP: 3/3
   944 | D:2      | Reached skill level 1 in Invocations
  1157 | D:2      | Noticed Terence
  1169 | D:2      | Killed Terence
  1170 | D:2      | Reached skill level 1 in Short Blades
  1170 | D:2      | Reached skill level 1 in Axes
  1170 | D:2      | Reached skill level 1 in Polearms
  1170 | D:2      | Reached skill level 1 in Staves
  1170 | D:2      | Reached skill level 1 in Ranged Weapons
  1170 | D:2      | Reached skill level 1 in Throwing
  1170 | D:2      | Reached skill level 1 in Armour
  1170 | D:2      | Reached skill level 1 in Stealth
  1170 | D:2      | Reached skill level 1 in Shields
  1170 | D:2      | Reached skill level 1 in Unarmed Combat
  1170 | D:2      | Reached skill level 1 in Spellcasting
  1170 | D:2      | Reached skill level 1 in Shapeshifting
  1170 | D:2      | Reached XP level 4. HP: 10/34 MP: 5/5
  1389 | D:2      | Reached ** piety under Cheibriados
  1568 | D:2      | Reached skill level 1 in Conjurations
  1568 | D:2      | Reached skill level 1 in Hexes
  1568 | D:2      | Reached skill level 1 in Summonings
  1568 | D:2      | Reached skill level 1 in Necromancy
  1568 | D:2      | Reached skill level 1 in Translocations
  1568 | D:2      | Reached skill level 1 in Transmutations
  1568 | D:2      | Reached skill level 1 in Fire Magic
  1568 | D:2      | Reached skill level 1 in Ice Magic
  1568 | D:2      | Reached skill level 1 in Air Magic
  1568 | D:2      | Reached skill level 1 in Earth Magic
  1568 | D:2      | Reached skill level 1 in Poison Magic
  1908 | D:3      | Found a runed translucent door.
  1909 | D:3      | Noticed XomNomNom's ghost (amateur TrMo)
  2212 | D:3      | Reached XP level 5. HP: 35/40 MP: 6/6
  2213 | D:3      | Reached *** piety under Cheibriados
  2591 | D:3      | Slain by XomNomNom's ghost

Illustrated notes

Levels and vault maps discovered:
D:1:      zaba_arrival_water, layout_basic,
          hellmonk_ecumenical_altar_heavens_door
D:2:      layout_loops_corners, feat_on_display, uniq_terence
D:3:      layout_loops_ring, hellmonk_ghost_happy_afterlife

Skill      XL: |  1  2  3  4 |
---------------+-------------+-----
Invocations    | 1 |  1.5
Short Blades   | 1 |  1.4
Axes           | 1 |  1.4
Polearms       | 1 |  1.4
Staves         | 1 |  1.4
Ranged Weapons | 1 |  1.4
Throwing       | 1 |  1.4
Armour         | 1 |  1.4
Stealth        | 1 |  1.4
Shields        | 1 |  1.4
Unarmed Combat | 1 |  1.4
Spellcasting   | 1 |  1.4
Shapeshifting  | 1 |  1.2
Conjurations   | 1 |  1.1
Hexes          | 1 |  1.1
Summonings     | 1 |  1.1
Necromancy     | 1 |  1.1
Translocations | 1 |  1.1
Transmutations | 1 |  1.1
Fire Magic     | 1 |  1.1
Ice Magic      | 1 |  1.1
Air Magic      | 1 |  1.1
Earth Magic    | 1 |  1.1
Poison Magic   | 1 |  1.1
Fighting       | |  2.9
Long Blades    | |  4.7
Maces & Flails | |  6.6
Dodging        | |  4.7
Evocations     | |  4.7

Action                     |  1- 3 |  4- 6 || total
---------------------------+-------+-------++-------
  Melee: Mace              |    69 |    51 ||   120
         Bite              |     7 |    10 ||    17
         Punch             |     1 |     3 ||     4
         Flail             |       |    51 ||    51
    Use: Scroll            |       |     5 ||     5
   Stab: Sleeping          |     1 |     9 ||    10
 Armour: Leather armour    |    35 |    39 ||    74
  Dodge: Dodged            |    44 |    61 ||   105

Table legend: (Time is in decaauts)
 A = Elapsed time spent in this place.
 B = Non-inter-level travel time spent in this place.
 C = Inter-level travel time spent in this place.
 D = Time resting spent in this place.
 E = Time spent auto-exploring this place.
 F = Levels seen in this place.
 G = Mean time per level.
                   A        B        C        D        E       F      G
               +--------+--------+--------+--------+--------+-----+--------+
         Total |   3363 |   3280 |     83 |      0 |   2782 |   3 | 1121.0 |
       Dungeon |   3363 |   3280 |     83 |      0 |   2782 |   3 | 1121.0 |
               +--------+--------+--------+--------+--------+-----+--------+

Top non-repeatable levels by time:
     D:2: 1351 daAuts
     D:3: 1018 daAuts
     D:1: 993 daAuts
